 Seeded DCSS version 0.30-a0-292-g0f741e3f8e (webtiles) character file.

Game seed: 9700494114414739991 (custom seed)

12 valliere the Shooter (level 2, 25/25 HPs)
             Began as a Minotaur Hunter on Oct 17, 2022.
             Quit the game on level 1 of the Dungeon.
             The game lasted 00:01:12 (103 turns).

valliere the Shooter (Minotaur Hunter)               Turns: 103, Time: 00:01:12

Health: 25/25      AC:  3    Str: 15    XL:     2   Next: 20%
Magic:  1/1        EV: 12    Int:  6    God:
Gold:   0          SH:  0    Dex: 13    Spells: 1/1 levels left

rFire   . . .      SeeInvis .    a - +0 shortbow
rCold   + . .      Faith    .    (shield currently unavailable)
rNeg    . . .      Spirit   .    c - +0 leather armour
rPois   .          Reflect  .    (helmet restricted)
rElec   .          Harm     .    (no cloak)
rCorr   .          Rampage  .    (no gloves)
Will    .....                    (no boots)
Stlth   +.........               (no amulet)
HPRegen 0.24/turn                d - ring of protection from cold
MPRegen 0.07/turn                (no ring)

@: no status effects
A: horns 2, retaliatory headbutt
a: no special abilities


You were on level 1 of the Dungeon.
You visited 1 branch of the dungeon, and saw 1 of its levels.

Inventory:

Hand Weapons
 a - a +0 shortbow (weapon)
Armour
 c - a +0 leather armour (worn)
Jewellery
 d - a ring of protection from cold (left hand)
Scrolls
 b - a scroll of immolation


   Skills:
 + Level 2.6 Fighting
 * Level 4.6 Ranged Weapons
 + Level 0.8 Armour
 + Level 2.4 Dodging
 - Level 0.7 Stealth


You had one spell level left.
You didn't know any spells.
Your spell library was empty.

Dungeon Overview and Level Annotations

Branches:
Dungeon (1/15)

Altars:


Innate Abilities, Weirdness & Mutations

You have a pair of horns on your head.
You reflexively headbutt those who attack you in melee.


Message History

The kobold throws a stone.
The stone barely misses you.
You shoot an arrow. The arrow hits the goblin.
You kill the goblin!
You have reached level 2!
You shoot an arrow. The arrow hits the kobold.
The kobold is severely wounded.
A quokka comes into view.
The kobold throws a stone.
The stone misses you.
You shoot an arrow. The arrow hits the kobold!
You kill the kobold!
You shoot an arrow. The arrow hits the quokka!
You kill the quokka!
No target in view!
No target in view!
A hobgoblin comes into view.
The hobgoblin shouts!
Things that are here:
a +0 short sword; 3 stones; a kobold corpse You shoot an arrow.
The arrow closely misses the hobgoblin.
You shoot an arrow.
The arrow hits the hobgoblin but does no damage.
You shoot an arrow. The arrow barely misses the hobgoblin.
The hobgoblin closely misses you. The hobgoblin misses you.
You shoot an arrow. The arrow closely misses the hobgoblin.
The hobgoblin barely misses you.
You shoot an arrow. The arrow hits the hobgoblin!
You kill the hobgoblin!
No target in view!
Found a scroll labelled ICOOCL XUROS.
You see here a quokka corpse.
Found a scroll labelled SOBIGA CILL.
Found an escape hatch in the floor.
No target in view!
Found 3 scrolls labelled JIHAUBBOLL.
e - 3 scrolls labelled JIHAUBBOLL This is a scroll of acquirement!
Something appears at your feet! Something appears at your feet!
Something appears at your feet!
Are you sure you want to abandon this character and quit the game? (Confirm with "yes".)

# #. #. #.# #..## #..#
# #@# ..... #.## #.#
....#.# ...# #.# .
.(.....# ...#.# ..
........# #.#.# #.#
..#...... #...# ..
.........#######.#.##
.##. #..............#
.##.##.......###>?....#


There were no monsters in sight!

Vanquished Creatures
  A dart slug (D:1)
  A giant cockroach (D:1)
  A goblin (D:1)
  2 hobgoblins (D:1)
  2 kobolds (D:1)
  A quokka (D:1)
8 creatures vanquished.

Notes
Turn   | Place    | Note
-------+----------+-------------------------------------------
     0 | D:1      | valliere the Minotaur Hunter began the quest for the Orb.
     0 | D:1      | Reached XP level 1. HP: 18/18 MP: 0/0
    72 | D:1      | Reached XP level 2. HP: 25/25 MP: 1/1
   100 | D:1      | Identified 3 scrolls of acquirement
   100 | D:1      | Acquired 1133 gold pieces
   101 | D:1      | Acquired the +4 shortbow of the Median {flame, rPois rC-
                  | Int+3}
   102 | D:1      | Acquired 456 gold pieces
   103 | D:1      | Quit the game

Illustrated notes

Levels and vault maps discovered:
D:1:      minmay_arrival_three_doors, layout_rooms, minmay_lizard_king

Action                   || total
-------------------------++-------
 Fire: Shortbow          ||    26
  Use: Scroll            ||     3
Armor: Leather armour    ||     3
Dodge: Dodged            ||    10

Table legend: (Time is in decaauts)
 A = Elapsed time spent in this place.
 B = Non-inter-level travel time spent in this place.
 C = Inter-level travel time spent in this place.
 D = Time resting spent in this place.
 E = Time spent auto-exploring this place.
 F = Levels seen in this place.
 G = Mean time per level.
                   A        B        C        D        E       F      G
               +--------+--------+--------+--------+--------+-----+--------+
         Total |    110 |    110 |      0 |      0 |     37 |   1 |  110.0 |
       Dungeon |    110 |    110 |      0 |      0 |     37 |   1 |  110.0 |
               +--------+--------+--------+--------+--------+-----+--------+

Top non-repeatable levels by time:
     D:1: 110 daAuts
